 Dungeon Crawl Stone Soup version 0.27-a0-1177-g245c70e1c0 (webtiles) character file.

Game seed: 1343696036173663922

0 Gargoyl the Skirmisher (level 1, -11/23 HPs)
             Began as a Gnoll Abyssal Knight on May 16, 2021.
             Was a Follower of Lugonu.
             Mangled by a neqoxec (13 damage)
             ... on level 1 of the Abyss.
             The game lasted 00:00:23 (92 turns).

Gargoyl the Skirmisher (Gnoll Abyssal Knight)         Turns: 92, Time: 00:00:24

Health: -11/23     AC:  3    Str: 11      XL:     1   Next: 0%
Magic:  3/3        EV: 11    Int: 11      God:    Lugonu [*.....]
Gold:   0          SH:  0    Dex:  8 (11) Spells: 0/0 levels left

rFire    . . .     SeeInvis .   a - +1 hand axe
rCold    . . .     Faith    .   (no shield)
rNeg     . . .     Spirit   .   b - +0 leather armour
rPois    .         Reflect  .   (no helmet)
rElec    .         Harm     .   (no cloak)
rCorr    .         Rampage  .   (no gloves)
Will     .....     Rnd*Rage +   (no boots)
Stlth    +.........             (no amulet)
HPRegen  0.07/turn              (no ring)
MPRegen  0.08/turn              (no ring)

@: no status effects
A: fangs 1, strong nose, distributed training, berserk 1
a: Renounce Religion, Depart the Abyss


You were on level 1 of the Abyss.
You worshipped Lugonu.
Lugonu was aware of your devotion.
You visited 0 branches of the dungeon, and saw 0 of its levels.
You visited the Abyss 1 time.

Inventory:

Hand Weapons
 a - a +1 hand axe (weapon)
Armour
 b - a +0 leather armour (worn)
Scrolls
 c - a scroll of identify


   Skills:
 + Level 6.4 Fighting
 + Level 0.0 Short Blades
 + Level 0.0 Long Blades
 + Level 4.4 Axes
 + Level 0.0 Maces & Flails
 + Level 0.0 Polearms
 + Level 0.0 Staves
 + Level 0.0 Slings
 + Level 0.0 Bows
 + Level 0.0 Crossbows
 + Level 0.0 Throwing
 + Level 4.4 Armour
 + Level 2.3 Dodging
 + Level 0.0 Stealth
 + Level 0.0 Shields
 + Level 0.0 Unarmed Combat
 + Level 0.0 Spellcasting
 + Level 0.0 Conjurations
 + Level 0.0 Hexes
 + Level 0.0 Summonings
 + Level 0.0 Necromancy
 + Level 0.0 Translocations
 + Level 0.0 Transmutations
 + Level 0.0 Fire Magic
 + Level 0.0 Ice Magic
 + Level 0.0 Air Magic
 + Level 0.0 Earth Magic
 + Level 0.0 Poison Magic
 + Level 4.4 Invocations
 + Level 0.0 Evocations


You couldn't memorise any spells.
You didn't know any spells.
Your spell library was empty.

Dungeon Overview and Level Annotations

Branches:
Dungeon (0/15)

Altars:


Innate Abilities, Weirdness & Mutations

You have very sharp teeth.
Your uncanny sense of smell can sniff out nearby items.
Your experience applies equally to all skills.
You tend to lose your temper in combat.


Message History

The quasit barely misses you. The ufetubus misses you.
The ufetubus closely misses you. The quasit barely misses you.
The quasit claws you. The quasit barely misses you.
The ufetubus barely misses you. The ufetubus closely misses you.
The ufetubus barely misses you.
The ufetubus hits you but does no damage.
You see here a +0 dagger.
The quasit barely misses you.
The quasit claws you but does no damage. x2
You hit the quasit but do no damage. The quasit barely misses you. x2
The quasit claws you.
Unknown command.
You closely miss the quasit. You hit the lurking horror.
Your body is wracked with pain!
The quasit bites you.
The quasit claws you but does no damage. x2
The quasit bites you.
* * * LOW HITPOINT WARNING * * *
The quasit claws you but does no damage.
The quasit claws you.
* * * LOW HITPOINT WARNING * * *
You feel clumsy.
Unknown command.
You hit the quasit but do no damage. The quasit barely misses you. x2
The quasit claws you but does no damage.
Unknown command.
You hit the quasit.
The quasit is lightly wounded.
The quasit misses you.
The quasit claws you but does no damage. x2
Unknown command.
You hit the quasit but do no damage.
The quasit is lightly wounded.
You hit the neqoxec.
The quasit bites you but does no damage.
The quasit misses you.
The quasit claws you but does no damage.
The neqoxec hits you!
Ouch! That really hurt!
You die...

.# #.. .
#..#.## .
.#....
#....#.
#.....
###...##
##... ...
####.# *....
#@55#.5#....
##3..#..####
#####)##
#### #. .≈ ≈


You could see a neqoxec, a quasit and an ufetubus.

Vanquished Creatures
  A lurking horror (Abyss:1)
1 creature vanquished.

Notes
Turn   | Place    | Note
-------+----------+-------------------------------------------
     0 | Abyss:1  | Gargoyl the Gnoll Abyssal Knight began the quest for the
                  | Orb.
     0 | Abyss:1  | Reached XP level 1. HP: 23/23 MP: 3/3
    49 | Abyss:1  | Noticed a neqoxec
    51 | Abyss:1  | Noticed a quasit
    52 | Abyss:1  | Gained mutation: You tend to lose your temper in combat. [a
                  | neqoxec]
    92 | Abyss:1  | Mangled by a neqoxec

Illustrated notes

Levels and vault maps discovered:
Abyss:1:  base: Temple, hangedman_abyss_town, base:
Temple

Action                   || total
-------------------------++-------
Melee: Hand axe          ||     5
  Use: Scroll            ||     1
Armor: Leather armour    ||    16
Dodge: Dodged            ||    21

Table legend: (Time is in decaauts)
 A = Elapsed time spent in this place.
 B = Non-inter-level travel time spent in this place.
 C = Inter-level travel time spent in this place.
 D = Time resting spent in this place.
 E = Time spent auto-exploring this place.
 F = Levels seen in this place.
 G = Mean time per level.
                   A        B        C        D        E       F      G
               +--------+--------+--------+--------+--------+-----+--------+
         Total |     92 |     92 |      0 |      0 |     48 |   1 |   92.0 |
         Abyss |     92 |     92 |      0 |      0 |     48 |   1 |   92.0 |
               +--------+--------+--------+--------+--------+-----+--------+

Top non-repeatable levels by time:
 Abyss:1: 92 daAuts
